 Dungeon Crawl Stone Soup version 0.24.0-123-gd5b16e6ec5 (webtiles) character file.

Game seed: 5218667566804065607, levelgen mode: deterministic

380219 Emblim88 the Slayer (level 22, -3/170 HPs)
             Began as a Hill Orc Abyssal Knight on Jan 5, 2020.
             Was an Elder of Lugonu.
             Slain by a large abomination (10 damage)
             ... led by an Executioner
             ... on level 1 of the Abyss on Jan 6, 2020.
             The game lasted 05:15:27 (75677 turns).

Emblim88 the Slayer (Hill Orc Abyssal Knight)      Turns: 75677, Time: 05:15:29

Health: -3/170     AC: 35    Str: 24    XL:     22   Next: 49%
Magic:  22/30      EV: 23    Int: 13    God:    Lugonu [****..]
Gold:   1806       SH: 17    Dex: 22    Spells: 28/28 levels left

rFire    + + +     SeeInvis +   x - +2 spear of Jiwuif {distort, rElec rPois}
rCold    + + +     Gourm    .   q - +2 shield of Resistance {rF+ rC+ MR+}
rNeg     + + .     Faith    .   E - +8 orange crystal plate armour {Archmagi, Int+3 Clar}
rPois    +         Spirit   .   V - +0 helmet
rElec    +         Reflect  .   r - scarf {rC+ rF+}
rCorr    .         Harm     .   d - +2 pair of gloves {rF+}
MR       +++++     Clarity  +   k - +0 pair of boots
Stlth    ..........             l - amulet of the Four Winds {rN+ MR+++ Clar}
HPRegen  0.00/turn              v - ring "Uheph" {rF+ rN+ Dex+4}
MPRegen  0.22/turn              t - ring of see invisible

@: agile, studying Polearms
A: fangs 1, agile 1, berserk 1, blurry vision 2, cold resistance 1, deformed
body, deterioration 1, dopey 1, frail 2, inhibited regeneration, sturdy frame 1
}: 3/15 runes: serpentine, barnacled, slimy
a: Depart the Abyss, Bend Space, Banish, Corrupt, Renounce Religion


You were on level 1 of the Abyss.
You worshipped Lugonu.
Lugonu was greatly pleased with you.
You were hungry.

You visited 9 branches of the dungeon, and saw 43 of its levels.
You visited the Abyss 4 times.
You also visited: Ossuary and Ice Cave.

You collected 4122 gold pieces.
You spent 2316 gold pieces at shops.

Inventory:

Hand Weapons
 x - the +2 spear of Jiwuif (weapon) {distort, rElec rPois}
   (You found it on level 4 of the Dungeon)

   It warps and distorts space around it.
   Unwielding it can cause banishment or high damage.
   It insulates you from electricity.
   It protects you from poison.
Armour
 d - a +2 pair of gloves of fire resistance (worn)
 g - a scarf of cloud immunity
 k - a +0 pair of boots (worn)
 q - the +2 shield of Resistance (worn) {rF+ rC+ MR+}
   (You acquired it on level 6 of the Lair of Beasts)

   It protects you from fire.
   It protects you from cold.
   It affects your resistance to hostile enchantments.
 r - a scarf of resistance (worn)
 E - the +8 orange crystal plate armour (worn) {Archmagi, Int+3 Clar}
   (You found it on level 9 of the Dungeon)

   It affects your intelligence (+3).
   It protects you against confusion.
 V - a +0 helmet (worn)
Jewellery
 l - the amulet of the Four Winds (around neck) {rN+ MR+++ Clar}
   (You found it on level 5 of the Pits of Slime)

   [amulet of nothing]

   It protects you from negative energy.
   It affects your resistance to hostile enchantments.
   It protects you against confusion.
 t - a ring of see invisible (right hand)
 v - the ring "Uheph" (left hand) {rF+ rN+ Dex+4}
   (You took it off a centaur on level 9 of the Dungeon)

   [ring of positive energy]

   It affects your dexterity (+4).
   It protects you from fire.
   It protects you from negative energy.
 y - the ring of Light {rCorr Int+5}
   (You found it on level 3 of the Snake Pit)

   [ring of resist corrosion]

   It affects your intelligence (+5).
   It provides partial protection from all sources of acid and corrosion.
 N - a +5 amulet of reflection
Wands
 b - a wand of flame (34)
 F - a wand of disintegration (5)
 J - a wand of scattershot (2)
 L - a wand of digging (12)
 O - a wand of iceblast (5)
 S - a wand of paralysis (10)
 Y - a wand of acid (11)
Scrolls
 h - 6 scrolls of blinking
 i - 6 scrolls of magic mapping
 j - 3 scrolls of silence
 m - 8 scrolls of fear
 n - 6 scrolls of identify
 o - 10 scrolls of enchant weapon
 s - 7 scrolls of enchant armour
 w - 2 scrolls of summoning
 B - 7 scrolls of fog
 H - a scroll of holy word
 I - 3 scrolls of teleportation
 K - 3 scrolls of amnesia
 R - a scroll of brand weapon
 W - 10 scrolls of remove curse
Potions
 e - 4 potions of cancellation
 f - 4 potions of curing
 p - 3 potions of agility
 u - 9 potions of brilliance
 z - 6 potions of resistance
 A - 6 potions of flight
 G - 3 potions of magic
 M - 2 potions of might
Books
 P - a manual of Polearms
Miscellaneous
 a - a lamp of fire
 C - a lightning rod (4/4)
 D - a box of beasts
 U - a fan of gales
 Z - 4 sacks of spiders
Comestibles
 c - 6 rations


   Skills:
 + Level 21.5 Fighting
   Level 4.5(10.1) Axes
 - Level 11.7(12.0) Polearms
 + Level 20.0 Armour
 + Level 16.0 Dodging
 - Level 15.0 Shields
 - Level 3.8 Spellcasting
   Level 4.5 Charms
 - Level 11.8 Invocations
 - Level 10.0 Evocations


You had 28 spell levels left.
You didn't know any spells.
Your spell library contained the following spells:

 Spells                   Type           Power        Failure   Level  Hunger
 Infusion                 Chrm           ###.         34%         1    None
 Song of Slaying          Chrm           ###.....     45%         2    ##.....
 Shroud of Golubria       Chrm/Tloc      ##....       78%         2    ##.....
 Animate Skeleton         Necr           N/A          91%         1    None
 Apportation              Tloc           #.....       91%         1    None
 Confusing Touch          Hex            #.....       91%         1    None
 Freeze                   Ice            #...         91%         1    None
 Magic Dart               Conj           #...         91%         1    None
 Pain                     Necr           #...         91%         1    None
 Sandblast                Erth           #.....       91%         1    None
 Summon Small Mammal      Summ           #...         91%         1    None
 Ozocubu's Armour         Chrm/Ice       ##......     95%         3    ###....
 Regeneration             Chrm/Necr      ##........   95%         3    ###....
 Spectral Weapon          Hex/Chrm       ##......     95%         3    ###....
 Blink                    Tloc           N/A          97%         2    ##.....
 Call Imp                 Summ           #.......     97%         2    ##.....
 Passwall                 Tmut/Erth      #.......     97%         2    ##.....
 Poisonous Vapours        Pois/Air       #.....       97%         2    ##.....
 Searing Ray              Conj           #.....       97%         2    ##.....
 Slow                     Hex            #.......     97%         2    ##.....
 Sublimation of Blood     Necr           #.........   97%         2    ##.....
 Throw Frost              Conj/Ice       #.....       97%         2    ##.....
 Conjure Flame            Conj/Fire      #.......     100%        3    ###....
 Dazzling Spray           Conj/Hex       #.....       100%        3    ###....
 Ignite Poison            Fire/Tmut/Pois #.......     100%        3    ###....
 Mephitic Cloud           Conj/Pois/Air  #.......     100%        3    ###....
 Stone Arrow              Conj/Erth      #.....       100%        3    ###....
 Vampiric Draining        Necr           #.........   100%        3    ###....
 Animate Dead             Necr           N/A          100%        4    ####...
 Force Lance              Conj/Tloc      #.......     100%        4    ####...
 Fulminant Prism          Conj/Hex       #.........   100%        4    ####...
 Iskenderun's Mystic Bla  Conj           #.......     100%        4    ####...
 Olgreb's Toxic Radiance  Pois           #.......     100%        4    ####...
 Petrify                  Tmut/Erth      #.......     100%        4    ####...
 Summon Ice Beast         Ice/Summ       #.......     100%        4    ####...
 Throw Icicle             Conj/Ice       #.......     100%        4    ####...
 Agony                    Necr           #.......     100%        5    ######.
 Alistair's Intoxication  Tmut/Pois      #.......     100%        5    ######.
 Bolt of Draining         Conj/Necr      #.........   100%        5    ######.
 Bolt of Magma            Conj/Fire/Erth #.........   100%        5    ######.
 Fireball                 Conj/Fire      #.........   100%        5    ######.
 Irradiate                Conj/Tmut      #.........   100%        5    ######.
 Iskenderun's Battlesphe  Conj/Chrm      ##......     100%        5    ######.
 Lee's Rapid Deconstruct  Erth           #.........   100%        5    ######.
 Venom Bolt               Conj/Pois      #.........   100%        5    ######.
 Bolt of Fire             Conj/Fire      #.........   100%        6    #######
 Freezing Cloud           Conj/Ice/Air   #.........   100%        6    #######
 Hydra Form               Tmut           #.........   100%        6    #######
 Iron Shot                Conj/Erth      #.........   100%        6    #######
 Statue Form              Tmut/Erth      #........    100%        6    #######
 Dragon Form              Tmut           #.........   100%        7    #######
 Orb of Destruction       Conj           #.........   100%        7    #######
 Ring of Flames           Chrm/Fire      ##........   100%        7    #######
 Spellforged Servitor     Conj/Summ      #.........   100%        7    #######
 Ignition                 Fire           #.........   100%        8    #######


Dungeon Overview and Level Annotations

Branches:
Dungeon (15/15)            Temple (0/1) D:7            Lair (6/6) D:11
 Shoals (4/4) Lair:3        Snake (4/4) Lair:3        Slime (5/5) Lair:6
    Orc (2/2) D:12            Elf (2/3) Orc:2        Vaults (3/5) D:14
  Crypt (2/3) Vaults:3     Depths (0/5) D:15        Ossuary (visited)
  IceCv (visited)

Altars:
Cheibriados
Dithmenos
Fedhas
Gozag
Hepliaklqana
Kikubaaqudgha
Makhleb
Okawaru
Qazlal
Sif Muna
Trog
Vehumet
Wu Jian
Yredelemnul
The Shining One
Beogh

Shops:
D:7 }   D:9 [   D:10 *   D:13 (}([(   Orc:2 }%(?   Elf:1 [   Elf:2 *
Shoals:2 (   Snake:2 =%}   Snake:3 :   Snake:4 (

Portals:
Pandemonium: Orc:2

Annotations:
Lair:3 exclusion: oklob plant
Lair:4 3 runed translucent doors, McKennaii's ghost, journeyman TeAE
Shoals:1 1 runed translucent door, Kehia's ghost, adept DrWn; Roxanne
Shoals:3 corrupted
Snake:2 3 runed translucent doors, bosakos's ghost, journeyman FeBe
Snake:3 corrupted
Snake:4 Donald
Slime:5 corrupted
Vaults:2 Nikola
Vaults:3 Boris
Crypt:1 corrupted
Crypt:2 Sojobo
Abyss:1 Aizul; Bai Suzhen; Eustachio; Frederick; Sigmund; Vashnia


Innate Abilities, Weirdness & Mutations

You have very sharp teeth.
You are agile. (Dex +2)
You tend to lose your temper in combat.
Scrolls take you longer to read.
Your flesh is cold resistant. (rC+)
Armour fits poorly on your strangely shaped body.
Your body sometimes deteriorates upon taking damage.
You are dopey. (Int -2)
You are very frail. (-20% HP)
You do not regenerate when monsters are visible.
Your movements are slightly less encumbered by armour. (ER -2)


Message History

You block the Executioner's attack.
The Executioner hits you but does no damage. x5
The tengu reaver points at you and mumbles some strange words.
The bolt of lightning hits the Executioner!
The Executioner resists.
The bolt of lightning hits you. You resist.
* * * LOW HITPOINT WARNING * * *
You puncture the Executioner! Your bite misses the Executioner.
The Executioner is heavily wounded.
You block the Executioner's attack.
The Executioner hits you but does no damage. x2
The large abomination hits you!
* * * LOW HITPOINT WARNING * * *
You feel agile all of a sudden.
The Executioner hits you but does no damage.
You block the Executioner's attack. The Executioner completely misses you.
The Executioner hits you but does no damage.
You block the Executioner's attack. The Executioner barely misses you.
The Executioner closely misses you. The Executioner misses you.
You block the Executioner's attack. The large abomination hits you!
You die...

.. #..ยง..# #
...
.######..#### .
............# .
..#.#.....#
..[#..........#
......#.*.....#
. ........Q#..#
# ..
......X1.#..# .
.....
..#.@...#. #
............#.#
###....####..#
##.. .#.# #. #
# #


You could see a tengu reaver, an Executioner, a large abomination and a
battlesphere.

Vanquished Creatures
  Asterion (Snake:3)
  A tentacled starspawn (Abyss:1)
  9 acid blobs
  A storm dragon (Vaults:3)
  Kirke (Lair:6)
  7 azure jellies
  A nagaraja (Snake:4)
  Ilsuiw (Shoals:3)
  An orc warlord (Orc:2)
  3 vault wardens
  3 frost giants
  2 deep elf sorcerers (Vaults:1)
  A curse skull (Crypt:2)
  3 ironheart preservers
  A stone giant (Vaults:3)
  2 deep elf demonologists
  The ghost of Leinaam the Severer, a journeyman MiBe of Trog (D:13)
  Josephine (D:11)
  2 merfolk impalers (Shoals:3)
  5 great orbs of eyes
  2 jiangshi (Crypt:1)
  2 merfolk javelineers (Shoals:3)
  A deep elf high priest (Elf:1)
  2 yaktaur captains
  A rakshasa (Vaults:2)
  A naga warrior (Snake:4)
  7 ogre magi
  A hydra (Lair:6)
  An ice dragon (Vaults:3)
  4 vault guards
  4 centaur warriors
  6 anacondas
  A death knight (D:15)
  4 merfolk avatars (Shoals:4)
  18 dancing weapons
  8 merfolk aquamancers
  28 two-headed ogres
  7 orc high priests
  A vampire mage (Crypt:1)
  9 naga sharpshooters
  15 deep elf knights
  A fire crab (Shoals:3)
  A shock serpent (Snake:3)
  2 salamander mystics (Snake:4)
  A glowing orange brain (Slime:3)
  A gelid demonspawn (Orc:2)
  3 unseen horrors
  3 wizards
  A deep troll (Vaults:3)
  An infernal demonspawn (Orc:2)
  5 sea snakes (Shoals:3)
  A flayed ghost (Crypt:2)
  14 deep elf archers
  6 naga ritualists
  6 orc knights
  8 ironbrand convokers
  17 harpies
  A necromancer (Vaults:3)
  2 wolf spiders
  23 ugly things
  7 shining eyes
  54 deep elf magi
  3 fauns
  7 mana vipers
  6 orc sorcerers
  5 cyclopes
  3 elephants (Lair:6)
  6 salamanders
  9 manticores
  A moth of wrath (shapeshifter) (D:9)
  4 water nymphs
  13 vault sentinels
  An ice statue (IceCv)
  4 merfolk sirens
  4 eyes of devastation
  20 naga magi
  A water nymph (shapeshifter) (D:15)
  27 black mambas
  A torpor snail (Lair:5)
  3 gargoyles
  4 spiny frogs
  5 rime drakes
  20 yaktaurs
  A komodo dragon (shapeshifter) (D:13)
  A yaktaur (shapeshifter) (Vaults:1)
  3 komodo dragons
  4 freezing wraiths
  A hellwing (Abyss:1)
  7 polar bears (IceCv)
  25 merfolk
  3 meliai (D:15)
  9 trolls
  A wolf spider simulacrum (Crypt:1)
  5 wind drakes
  50 slime creatures
  4 hornets
  20 blink frogs
  5 hippogriffs
  7 dream sheep
  A stone giant simulacrum (Vaults:1)
  A shadow (D:15)
  2 air elementals (Elf:1)
  A centaur simulacrum (D:15)
  A frost giant simulacrum (Vaults:3)
  A ynoxinul (Orc:2)
  A redback (Vaults:2)
  A fire bat (Shoals:4)
  3 fire elementals
  A hog (shapeshifter) (Vaults:3)
  45 yaks
  A spriggan (shapeshifter) (Vaults:2)
  A tarantella (shapeshifter) (Vaults:1)
  A tarantella (Vaults:2)
  3 hogs (Lair:6)
  A human (shapeshifter) (Vaults:1)
  19 water elementals
  4 wraiths
  7 basilisks
  A yaktaur simulacrum (Vaults:2)
  A neqoxec (Orc:2)
  A wyvern (D:11)
  2 hungry ghosts
  5 vampire mosquitoes (D:15)
  Menkaure (Ossuary)
  2 acid dragons
  34 nagas
  6 wargs
  4 soldier ants
  Duvessa (D:6)
  15 water moccasins
  5 porcupines
  2 black bears
  2 ice beasts
  5 sky beasts
  34 orc warriors
  A hornet zombie (D:14)
  4 eyes of draining
  A phantom (D:11)
  10 boggarts
  22 ogres
  An eye of draining (shapeshifter) (Elf:1)
  7 necrophages
  11 wolves (IceCv)
  13 centaurs
  14 crocodiles
  A big kobold (D:8)
  5 earth elementals
  17 bullfrogs
  A gnoll sergeant (D:12)
  A wyvern skeleton (D:8)
  Dowan (D:6)
  10 wights
  15 killer bees
  6 howler monkeys
  4 electric eels
  2 vampire bats (D:3)
  5 jellies
  9 crimson imps
  A lava snake (Elf:2)
  A starcursed mass (Abyss:1)
  6 bullfrog zombies
  A centaur zombie (D:6)
  32 orc priests
  2 hounds
  Crazy Yiuf (D:6)
  A bullfrog skeleton (D:10)
  6 centaur skeletons
  8 iguanas
  21 orc wizards
  7 worker ants
  A killer bee zombie (D:4)
  A hound zombie (D:8)
  A hound skeleton (D:8)
  3 mummies (Ossuary)
  12 gnolls
  15 adders
  A shadow imp (D:14)
  A swamp drake skeleton (Crypt:1)
  2 oozes
  2 adder skeletons
  3 worms
  4 dart slugs
  2 leopard geckos (D:8)
  75 orcs
  5 giant cockroaches
  2 gnoll zombies (Ossuary)
  6 goblins
  4 hobgoblins
  12 jackals
  17 kobolds
  2 quokkas
  4 ball pythons
  A ball python zombie (Crypt:2)
  10 bats
  10 frilled lizards
  3 gnoll skeletons (Ossuary)
  3 goblin skeletons (Ossuary)
  4 goblin zombies (Ossuary)
  9 hobgoblin skeletons (Ossuary)
  4 hobgoblin zombies (Ossuary)
  2 kobold skeletons (Ossuary)
  5 kobold zombies (Ossuary)
  A leopard gecko zombie (D:5)
  6 orc skeletons (Ossuary)
  4 orc zombies (Ossuary)
  9 rats
  A rat skeleton (Ossuary)
  4 rat zombies (Ossuary)
  A spectral orc (D:3)
  A fungus (Lair:6)
1338 creatures vanquished.

Vanquished Creatures (collateral kills)
  A fire bat (Shoals:4)
1 creature vanquished.

Vanquished Creatures (others)
  the Royal Jelly (Slime:5)
  Mara (Snake:3)
  Saint Roka (Snake:4)
  A deep elf blademaster (Elf:2)
  A kraken (Shoals:4)
  10 acid blobs
  A tengu reaver (Crypt:2)
  A sphinx (Vaults:3)
  The ghost of Ousak the Spry, an adept OpTm of Ru (Snake:3)
  3 nagarajas
  7 azure jellies (Slime:5)
  An orc warlord (Orc:1)
  5 vault wardens
  A curse skull (Crypt:1)
  5 ironheart preservers
  An entropy weaver (Vaults:2)
  2 stone giants
  A vampire knight (Crypt:1)
  Nessos (Lair:6)
  An eidolon (Crypt:1)
  2 deep elf death magi
  8 death oozes
  A fire dragon (Vaults:2)
  7 merfolk impalers
  2 merfolk javelineers (Shoals:3)
  A jiangshi (Crypt:1)
  A great orb of eyes (Slime:4)
  4 vault guards
  2 yaktaur captains (Vaults:3)
  3 ice dragons
  3 hydras
  6 naga warriors
  2 anacondas
  2 centaur warriors
  A merfolk aquamancer (Shoals:3)
  A merfolk avatar (Shoals:4)
  4 dancing weapons
  2 alligator snapping turtles
  2 catoblepae (Lair:6)
  A tengu warrior (D:9)
  3 ogre magi (Vaults:2)
  A vampire mage (Crypt:1)
  A deep troll earth mage (Vaults:3)
  9 two-headed ogres
  5 death yaks
  9 naga sharpshooters
  3 shock serpents
  An orc high priest (Orc:2)
  3 deep elf knights
  A fire crab (Shoals:4)
  A deep troll (Vaults:3)
  2 shadow wraiths (Vaults:2)
  A sixfirhy (Orc:2)
  A salamander mystic (Snake:3)
  7 sea snakes
  An unseen horror (D:12)
  3 naga ritualists
  2 ironbrand convokers
  4 deep elf archers
  3 harpies
  2 orc knights (Orc:2)
  An anaconda skeleton (Crypt:1)
  7 salamanders
  2 necromancers (Crypt:1)
  4 mana vipers
  3 orc sorcerers
  12 ugly things
  14 deep elf magi
  A stone giant zombie (Vaults:3)
  2 oklob plants (Snake:3)
  3 elephants (Lair:6)
  4 manticores
  3 fauns
  2 large abominations (Abyss:1)
  A fire giant skeleton (Abyss:1)
  3 merfolk sirens
  A guardian serpent (Snake:3)
  13 naga magi
  A centaur zombie (D:14)
  6 black mambas
  2 vault sentinels (Vaults:2)
  A water nymph (Shoals:3)
  An eye of devastation (Slime:5)
  A spiny frog (Lair:5)
  A kobold demonologist (D:12)
  A redback zombie (D:13)
  An efreet (D:15)
  A freezing wraith (D:15)
  29 yaktaurs
  A grey draconian skeleton (Crypt:1)
  4 komodo dragons
  A komodo dragon (shapeshifter) (Elf:1)
  An ancient zyme (Abyss:1)
  20 merfolk
  A tyrant leech (shapeshifter) (Vaults:2)
  5 polar bears (IceCv)
  3 trolls
  2 hornets
  32 slime creatures
  4 blink frogs
  4 hippogriffs
  2 dream sheep
  4 snapping turtles
  A starcursed mass (Abyss:1)
  A redback (Vaults:2)
  A shadow (D:13)
  3 wyverns
  2 wraiths
  6 yaks
  2 fire elementals
  9 water elementals
  A vampire mosquito (D:15)
  2 neqoxecs (Orc:2)
  A warg (Orc:2)
  16 nagas
  2 acid dragons (D:15)
  7 water moccasins
  A porcupine (Lair:2)
  13 orc warriors
  2 phantoms
  A necrophage (D:9)
  4 ogres
  10 centaurs
  A wolf (IceCv)
  A crocodile (D:9)
  A bullfrog (D:11)
  An earth elemental (Elf:2)
  A cyclops skeleton (Crypt:2)
  A spriggan zombie (Crypt:2)
  2 wights
  A crimson imp (D:9)
  A hound (D:4)
  4 orc priests
  A worker ant (D:4)
  3 orc wizards
  2 adders
  2 shadow imps (D:11)
  2 adder skeletons
  7 orcs
  A gnoll zombie (Ossuary)
  A kobold zombie (Ossuary)
  24 fungi
  37 plants
  28 starspawn tentacles
  10 tentacles (Shoals:4)
  A withered plant (Shoals:1)
587 creatures vanquished.

Grand Total: 1926 creatures vanquished

Notes
Turn   | Place    | Note
-------+----------+-------------------------------------------
     0 | Abyss:1  | Emblim88 the Hill Orc Abyssal Knight began the quest for
                  | the Orb.
     0 | Abyss:1  | Reached XP level 1. HP: 19/19 MP: 2/2
   131 | Abyss:1  | Found a burning altar of Makhleb.
   133 | Abyss:1  | Noticed an ancient zyme
   133 | Abyss:1  | Noticed an iron imp
   134 | D:1      | Escaped the Abyss
   175 | D:1      | Reached * piety under Lugonu
   175 | D:1      | Reached skill level 4 in Fighting
   175 | D:1      | Reached XP level 2. HP: 25/27 MP: 4/4
   382 | D:1      | Reached XP level 3. HP: 19/34 MP: 5/5
  1136 | D:2      | Found a faded altar of an unknown god.
  2015 | D:3      | Reached skill level 1 in Shields
  2015 | D:3      | Reached XP level 4. HP: 27/41 MP: 6/6
  2234 | D:3      | Reached ** piety under Lugonu
  2367 | D:3      | Reached skill level 1 in Dodging
  2701 | D:3      | Noticed a bullfrog
  2707 | D:3      | Killed a bullfrog
  2707 | D:3      | Reached skill level 5 in Fighting
  2707 | D:3      | Reached XP level 5. HP: 40/48 MP: 7/7
  2762 | D:3      | Found a basalt altar of Yredelemnul.
  2860 | D:3      | Reached XP level 6. HP: 55/56 MP: 8/8
  2960 | D:4      | Got a crystal spear
  2961 | D:4      | Identified the cursed +2 spear of Jiwuif {distort, rElec
                  | rPois} (You found it on level 4 of the Dungeon)
  3009 | D:4      | Found a shadowy altar of Dithmenos.
  3061 | D:4      | Noticed Eustachio
  3088 | D:4      | Reached *** piety under Lugonu
  3088 | D:4      | Banished Eustachio
  3088 | D:4      | Reached skill level 1 in Polearms
  3088 | D:4      | Reached XP level 7. HP: 61/61 MP: 10/10
  3357 | D:4      | Found a hazy altar of Hepliaklqana.
  3420 | D:5      | Entered Level 5 of the Dungeon
  3716 | D:5      | Reached skill level 6 in Fighting
  3815 | D:5      | Reached skill level 5 in Invocations
  3913 | D:6      | Noticed Sigmund
  3931 | D:6      | Banished Sigmund
  3931 | D:6      | Reached XP level 8. HP: 52/70 MP: 11/11
  4012 | D:6      | Found a sand-covered staircase.
  4026 | Ossuary  | Entered an ossuary
  4073 | Ossuary  | Reached **** piety under Lugonu
  4288 | Ossuary  | Noticed Menkaure
  4310 | Ossuary  | Killed Menkaure
  4718 | D:6      | Reached skill level 5 in Armour
  4758 | D:6      | Found a shadowy altar of Dithmenos.
  4768 | D:6      | Found a glowing golden altar of the Shining One.
  4781 | D:6      | Noticed Dowan
  4782 | D:6      | Noticed Duvessa
  4810 | D:6      | Killed Dowan
  4911 | D:6      | Found a bloodstained altar of Trog.
  4951 | D:6      | Found a runed translucent door.
  4952 | D:6      | Noticed Crazy Yiuf
  4983 | D:6      | Found a snail-covered altar of Cheibriados.
  5198 | D:6      | Reached ***** piety under Lugonu
  5596 | D:6      | Killed Crazy Yiuf
  5632 | D:6      | Reached skill level 7 in Fighting
  5632 | D:6      | Reached XP level 9. HP: 74/79 MP: 13/13
  5764 | D:6      | Killed Duvessa
  5795 | D:6      | Gained mutation: You are weak. (Str -2) [potion of
                  | mutation]
  5795 | D:6      | Gained mutation: Armour fits poorly on your strangely
                  | shaped body. [potion of mutation]
  5795 | D:6      | Gained mutation: Your movements are slightly less
                  | encumbered by armour. (ER -2) [potion of mutation]
  5798 | D:6      | Lost mutation: Armour fits poorly on your strangely shaped
                  | body. [potion of mutation]
  5798 | D:6      | Lost mutation: You are weak. (Str -2) [potion of mutation]
  5798 | D:6      | Gained mutation: You do not regenerate when monsters are
                  | visible. [potion of mutation]
  5798 | D:6      | Gained mutation: You expend magic power (3 MP) to
                  | strengthen your wands. [potion of mutation]
  5820 | D:7      | Found Biywalut's Gadget Emporium.
  6295 | D:6      | Reached skill level 1 in Evocations
  6319 | D:7      | Bought a wand of clouds (5) for 351 gold pieces
  6325 | D:7      | Found an ornate altar of the Wu Jian Council.
  6703 | D:7      | Found a stormy altar of Qazlal.
  6732 | D:7      | Found an iron altar of Okawaru.
  6866 | D:7      | Found a staircase to the Ecumenical Temple.
  6913 | D:7      | Found an ancient bone altar of Kikubaaqudgha.
  6916 | D:7      | Found a radiant altar of Vehumet.
  7396 | D:8      | Reached skill level 5 in Shields
  7506 | D:8      | Reached skill level 5 in Polearms
  7650 | D:8      | Reached XP level 10. HP: 71/88 MP: 15/15
  7721 | D:8      | Found a shadowy altar of Dithmenos.
  7727 | D:8      | Found an opulent altar of Gozag.
  7752 | D:8      | Reached skill level 8 in Fighting
  7798 | D:8      | Found a shimmering blue altar of Sif Muna.
  8644 | D:9      | Found Piaqask's Antique Armour Shop.
  8732 | D:9      | Reached skill level 5 in Dodging
  8843 | D:9      | Got a crystal dagger
  8844 | D:9      | Identified the cursed +0 dagger of a wizard's laboratory
                  | {drain, Dex+5} (You found it on level 9 of the Dungeon)
  9064 | D:9      | Found a blossoming altar of Fedhas.
  9189 | D:9      | Noticed an unseen horror
  9189 | D:9      | Noticed a tengu warrior
  9189 | D:9      | Noticed a cyan ugly thing
  9190 | D:9      | Identified the +4 shortbow of the Ass {freeze, rPois rC+
                  | SInv}
  9207 | D:9      | an unseen horror changed into an eye of draining
  9209 | D:9      | Noticed a guardian serpent
  9209 | D:9      | an eye of draining changed into a guardian serpent
  9212 | D:9      | Banished a tengu warrior
  9221 | D:9      | Killed a cyan ugly thing
  9224 | D:9      | Identified the ring "Uheph" {rF+ rN+ Dex+4}
  9228 | D:9      | Noticed a two-headed ogre
  9236 | D:9      | Reached XP level 11. HP: 81/95 MP: 17/17
  9238 | D:9      | Found the +8 orange crystal plate armour {Archmagi, Int+3
                  | Clar}
  9265 | D:9      | Got a smelly leather armour
  9381 | D:9      | Noticed a moth of wrath
  9387 | D:9      | Killed a moth of wrath
  9387 | D:9      | Reached skill level 9 in Fighting
  9424 | D:9      | Killed a two-headed ogre
  9598 | D:10     | Entered Level 10 of the Dungeon
  9613 | D:10     | Found Qysuhoem's Assorted Antiques.
  9616 | D:10     | Bought a scroll of identify for 60 gold pieces
  9681 | D:10     | Learned a level 1 spell: Infusion
 10271 | D:11     | Noticed a two-headed ogre
 10274 | D:11     | Banished a two-headed ogre
 10407 | D:11     | Noticed a two-headed ogre
 10430 | D:11     | Reached ****** piety under Lugonu
 10499 | D:11     | Found a staircase to the Lair.
 10522 | D:11     | Reached skill level 1 in Charms
 10554 | D:11     | Reached skill level 5 in Evocations
 10601 | D:11     | Noticed a two-headed ogre
 10607 | D:11     | Reached skill level 1 in Spellcasting
 10614 | D:11     | Noticed a two-headed ogre
 10639 | D:11     | Banished a two-headed ogre
 10740 | D:11     | Identified the +2 leather armour of Snakes and Ladders
                  | {Str-5 Int+2 SInv Stlth+} (You found it on level 9 of the
                  | Dungeon)
 10850 | D:11     | Killed a two-headed ogre
 10979 | D:11     | Noticed an unseen horror
 10987 | D:11     | Killed an unseen horror
 11171 | D:11     | Killed a two-headed ogre
 11207 | D:11     | Reached XP level 12. HP: 82/106 MP: 19/19
 11503 | D:12     | Noticed Josephine
 11763 | D:11     | Killed Josephine
 11908 | D:12     | Found a frozen archway.
 11914 | IceCv    | Entered an ice cave
 11958 | IceCv    | Reached skill level 10 in Invocations
 12245 | IceCv    | Reached skill level 10 in Fighting
 12306 | IceCv    | Noticed a death yak
 12308 | IceCv    | Noticed a death yak
 12327 | IceCv    | Banished a death yak
 12571 | IceCv    | Noticed a frost giant
 12571 | IceCv    | Noticed a death yak
 12571 | IceCv    | Noticed a death yak
 12585 | IceCv    | Banished a death yak
 12600 | IceCv    | Killed a frost giant
 12667 | IceCv    | Killed a death yak
 12766 | IceCv    | Reached XP level 13. HP: 114/114 MP: 20/20
 12983 | D:12     | Reached skill level 10 in Polearms
 13429 | D:12     | Found a staircase to the Orcish Mines.
 14417 | D:13     | Found Bosyena's Gadget Emporium.
 14424 | D:13     | Bought a lamp of fire for 600 gold pieces
 14445 | D:13     | Found Moighaur's Antique Weapon Emporium.
 14468 | D:13     | Found Mifetiti's Weapon Shop.
 14504 | D:13     | Found a runed translucent door.
 14504 | D:13     | Noticed Leinaam's ghost (journeyman MiBe)
 14797 | D:13     | Found Junuprat's Armour Boutique.
 14836 | D:13     | Found Equd's Weapon Boutique.
 14959 | D:13     | Killed Leinaam's ghost
 15291 | D:14     | Reached skill level 11 in Fighting
 15613 | D:14     | Noticed a vault guard
 15640 | D:14     | Reached skill level 10 in Armour
 15655 | D:14     | Reached XP level 14. HP: 110/124 MP: 22/22
 15819 | D:14     | Found a gate to the Vaults.
 15888 | D:14     | You fall into a shaft and drop 1 floor!
 15888 | D:15     | Entered Level 15 of the Dungeon
 15900 | D:14     | Found a stormy altar of Qazlal.
 17368 | D:15     | Reached skill level 10 in Shields
 17828 | D:15     | Reached skill level 12 in Fighting
 18303 | D:15     | Noticed a dire elephant
 18334 | D:15     | Banished a dire elephant
 18423 | D:15     | Paralysed by a great orb of eyes for 5 turns
 18436 | D:15     | Found a staircase to the Depths.
 18566 | Lair:1   | Entered Level 1 of the Lair of Beasts
 20723 | Lair:3   | Found a staircase to the Shoals.
 20769 | Lair:3   | Reached XP level 15. HP: 125/134 MP: 23/23
 21141 | Lair:3   | Found a staircase to the Snake Pit.
 22141 | Lair:4   | Found a runed translucent gate.
 22142 | Lair:4   | Found a runed translucent gate.
 22143 | Lair:4   | Found a runed translucent gate.
 22146 | Lair:4   | Noticed McKennaii's ghost (journeyman TeAE)
 23235 | Lair:5   | Found a burning altar of Makhleb.
 23790 | Lair:6   | Entered Level 6 of the Lair of Beasts
 23820 | Lair:6   | Found a staircase to the Slime Pits.
 24011 | Lair:6   | Noticed Nessos
 24017 | Lair:6   | Noticed Kirke
 24021 | Lair:6   | Killed Nessos
 24030 | Lair:6   | Killed Kirke
 24256 | Lair:6   | Reached skill level 13 in Fighting
 24940 | Lair:6   | Reached skill level 10 in Evocations
 25183 | Lair:6   | Identified a scroll of acquirement
 25197 | Lair:6   | Found the +2 shield of Resistance {rF+ rC+ MR+}
 25832 | Orc:1    | Entered Level 1 of the Orcish Mines
 25970 | Orc:1    | Found a roughly hewn altar of Beogh.
 26015 | Orc:1    | Noticed an orc warlord
 26029 | Orc:1    | Banished an orc warlord
 26401 | Orc:1    | Found a roughly hewn altar of Beogh.
 26754 | Orc:1    | You fall into a shaft and drop 1 floor!
 26754 | Orc:2    | Entered Level 2 of the Orcish Mines
 26938 | Orc:2    | Reached XP level 16. HP: 144/144 MP: 24/24
 27345 | Orc:2    | Found a roughly hewn altar of Beogh.
 27386 | Orc:2    | Found a staircase to the Elven Halls.
 27806 | Orc:2    | Found Ytzaps's Food Emporium.
 27809 | Orc:2    | Found Tecradut's Magic Scroll Shoppe.
 28132 | Orc:2    | Gained mutation: Your body sometimes deteriorates upon
                  | taking damage. [a neqoxec]
 28135 | Orc:2    | Gained mutation: Armour fits poorly on your strangely
                  | shaped body. [a neqoxec]
 28593 | Orc:2    | Gained mutation: You are dopey. (Int -2) [a neqoxec]
 29141 | Orc:2    | Gained mutation: Your body often deteriorates upon taking
                  | damage. [a neqoxec]
 29267 | Orc:2    | Reached skill level 10 in Dodging
 29365 | Orc:2    | Gained mutation: You are frail. (-10% HP) [a neqoxec]
 29402 | Orc:2    | Reached skill level 14 in Fighting
 29787 | Orc:2    | Gained mutation: You tend to lose your temper in combat. [a
                  | neqoxec]
 30045 | Orc:2    | Found Fayraith's Gadget Boutique.
 30045 | Orc:2    | Found Bimout's Antique Weapon Shop.
 30045 | Orc:2    | Found a one-way gate leading to the halls of Pandemonium.
 30358 | Shoals:1 | Entered Level 1 of the Shoals
 30518 | Shoals:1 | Identified Roxanne's Guide on Earth
 30518 | Shoals:1 | Noticed Roxanne
 31204 | Shoals:1 | Found a runed translucent door.
 31207 | Shoals:1 | Noticed Kehia's ghost (adept DrWn)
 31957 | Shoals:2 | Found Qiteipn's Weapon Shoppe.
 33352 | D:15     | Lost mutation: You expend magic power (3 MP) to strengthen
                  | your wands. [potion of mutation]
 33352 | D:15     | Lost mutation: Your body often deteriorates upon taking
                  | damage. [potion of mutation]
 33352 | D:15     | Gained mutation: You have very sharp teeth. [potion of
                  | mutation]
 33352 | D:15     | Gained mutation: You evolve. [potion of mutation]
 33531 | Snake:1  | Entered Level 1 of the Snake Pit
 34174 | Snake:1  | Reached XP level 17. HP: 138/138 MP: 25/25
 35070 | Snake:2  | Found Loajoeri's Jewellery Boutique.
 35072 | Snake:2  | Found Paiggy's Food Shop.
 35080 | Snake:2  | Found Lukiewk's Gadget Boutique.
 35100 | Snake:2  | Found a runed translucent gate.
 35100 | Snake:2  | Found a runed translucent gate.
 35100 | Snake:2  | Noticed bosakos's ghost (journeyman FeBe)
 35102 | Snake:2  | Found a runed translucent gate.
 35388 | Snake:2  | Reached skill level 15 in Fighting
 35580 | Snake:2  | Gained mutation: Your flesh is cold resistant. (rC+)
                  | [evolution]
 37070 | Snake:3  | Got a smoking amber ring
 37072 | Snake:3  | Identified the ring of Light {rCorr Int+5} (You found it on
                  | level 3 of the Snake Pit)
 37115 | Snake:3  | Corrupted Snake:3
 37115 | Snake:3  | Noticed a tentacled starspawn
 37128 | Snake:3  | Noticed a tentacled starspawn
 37138 | Snake:3  | Killed Mara
 37491 | Snake:3  | Noticed Asterion
 37502 | Snake:3  | Noticed an Executioner
 37615 | Snake:3  | Gained mutation: Scrolls take you a little longer to read.
                  | [a cacodemon]
 37620 | Snake:3  | Killed Asterion
 37870 | Snake:3  | Found a runed translucent door.
 37892 | Snake:3  | Found Niluham's Book Shop.
 38167 | Snake:3  | Noticed Ousak's ghost (adept OpTm)
 38182 | Snake:3  | Banished Ousak's ghost
 38231 | Snake:4  | Entered Level 4 of the Snake Pit
 38231 | Snake:4  | Noticed Saint Roka
 38637 | Snake:4  | Killed Saint Roka
 38995 | Snake:4  | Noticed Donald
 39224 | Snake:4  | Noticed Vashnia
 39846 | Snake:4  | Banished Vashnia
 40697 | Snake:3  | Lost mutation: Armour fits poorly on your strangely shaped
                  | body. [evolution]
 40838 | Snake:4  | Reached skill level 16 in Fighting
 41149 | Snake:4  | Reached XP level 18. HP: 131/149 MP: 26/26
 41590 | D:13     | Bought a wand of clouds (4) for 360 gold pieces
 41590 | D:13     | Bought a wand of clouds (6) for 450 gold pieces
 43130 | Snake:4  | Got a serpentine rune of Zot
 43205 | Snake:4  | Found Jesoptau's Weapon Shop.
 43306 | Snake:4  | Reached skill level 15 in Armour
 43864 | Vaults:1 | Entered Level 1 of the Vaults
 44590 | D:9      | Bought an embroidered scarf for 216 gold pieces
 45516 | Vaults:1 | Reached skill level 15 in Shields
 46250 | Vaults:1 | Reached skill level 17 in Fighting
 46803 | Vaults:2 | You fall into a shaft and drop 1 floor!
 46819 | Vaults:3 | Reached XP level 19. HP: 149/159 MP: 27/27
 48946 | Vaults:2 | Reached skill level 18 in Fighting
 49243 | Vaults:2 | Noticed Nikola
 49372 | Vaults:2 | Paralysed by an ogre mage for 3 turns
 50917 | Shoals:3 | Escaped the Abyss
 50919 | Shoals:3 | Corrupted Shoals:3
 51987 | Abyss:1  | Paralysed by accursed screaming for 1 turns
 52012 | Shoals:3 | Escaped the Abyss
 52359 | Shoals:4 | Entered Level 4 of the Shoals
 53512 | Shoals:4 | Noticed Ilsuiw
 54464 | Shoals:3 | Reached XP level 20. HP: 149/170 MP: 28/28
 54543 | Shoals:3 | Killed Ilsuiw
 56334 | Shoals:4 | Got a barnacled rune of Zot
 56670 | Elf:1    | Entered Level 1 of the Elven Halls
 56738 | Elf:1    | Lost mutation: Scrolls take you a little longer to read.
                  | [evolution]
 56752 | Elf:1    | Reached skill level 19 in Fighting
 57515 | Elf:1    | Found Duosuepa's Armour Emporium.
 59064 | Elf:2    | Got a sparkling platinum ring
 59236 | Elf:2    | Identified the ring of the Final Decision {rPois rC+ Dex+2}
                  | (You found it on level 2 of the Elven Halls)
 59271 | Elf:2    | Found Zasehoi's Elven Fire.
 59333 | Elf:2    | Bought a +2 pair of gloves of fire resistance for 279 gold
                  | pieces
 59637 | Elf:2    | Found a runed translucent gate.
 59637 | Elf:2    | Found a runed translucent gate.
 59638 | Elf:2    | Found a runed translucent gate.
 60128 | Elf:2    | Gained mutation: You often lose your temper in combat. [a
                  | neqoxec]
 61552 | Slime:1  | Entered Level 1 of the Pits of Slime
 61564 | Lair:6   | Reached XP level 21. HP: 180/180 MP: 29/29
 61714 | Slime:1  | Gained mutation: You are agile. (Dex +2) [evolution]
 62162 | Slime:1  | Lost mutation: You often lose your temper in combat. [a
                  | shining eye]
 62170 | Slime:1  | Gained mutation: Scrolls take you a little longer to read.
                  | [a shining eye]
 62862 | Slime:3  | Reached skill level 20 in Fighting
 64881 | Slime:4  | Gained mutation: You are weak. (Str -2) [a shining eye]
 65338 | Slime:5  | Entered Level 5 of the Pits of Slime
 65421 | Slime:5  | Reached skill level 15 in Dodging
 66061 | Slime:5  | Gained mutation: Scrolls take you longer to read. [a
                  | shining eye]
 66625 | Slime:5  | Noticed the Royal Jelly
 66637 | Slime:5  | Corrupted Slime:5
 66646 | Slime:5  | Killed the Royal Jelly
 68087 | Slime:5  | Gained mutation: Your spells are a little easier to cast,
                  | but a little less powerful. [a shining eye]
 68101 | Slime:5  | Gained mutation: You are very frail. (-20% HP) [a shining
                  | eye]
 68104 | Slime:5  | Lost mutation: You evolve. [a shining eye]
 68133 | Slime:5  | Lost mutation: You are weak. (Str -2) [a shining eye]
 68288 | Slime:5  | Gained mutation: Armour fits poorly on your strangely
                  | shaped body. [a shining eye]
 68292 | Slime:5  | Lost mutation: Your spells are a little easier to cast, but
                  | a little less powerful. [a shining eye]
 68535 | Slime:5  | Found the amulet of the Four Winds {rN+ MR+++ Clar}
 68571 | Slime:5  | Identified the Almanac of Envenoming and Sinister Magic
 68578 | Slime:5  | Got a faintly humming chain mail
 68604 | Slime:5  | Got a dazzling glaive
 68625 | Slime:5  | Identified the +7 chain mail of the Pleiades {rF+ SInv}
                  | (You found it on level 5 of the Pits of Slime)
 68627 | Slime:5  | Identified the cursed +2 glaive of Hucinoon {elec, Str+4
                  | Int-4} (You found it on level 5 of the Pits of Slime)
 68695 | Slime:5  | Got a slimy rune of Zot
 68762 | Slime:5  | Got a jewelled scimitar
 68784 | Slime:5  | Identified the +5 scimitar "Niufatz" {holy, rC+ Int+4} (You
                  | found it on level 5 of the Pits of Slime)
 70519 | Vaults:3 | Noticed Boris
 70600 | Vaults:3 | Noticed Aizul
 70713 | Vaults:3 | Banished Aizul
 71243 | Vaults:3 | Reached skill level 21 in Fighting
 71553 | Vaults:3 | Reached XP level 22. HP: 160/170 MP: 30/30
 71881 | Vaults:3 | Noticed Bai Suzhen
 72402 | Vaults:3 | Banished Bai Suzhen
 73910 | Vaults:3 | Found a staircase to the Crypt.
 73948 | Crypt:1  | Entered Level 1 of the Crypt
 74670 | Crypt:1  | You fall into a shaft and drop 1 floor!
 74742 | Crypt:2  | Noticed Sojobo
 74769 | Crypt:2  | Noticed Frederick
 74785 | Crypt:2  | Banished Frederick
 75591 | Crypt:1  | Corrupted Crypt:1
 75608 | Crypt:1  | HP: 6/170 [eight-headed hydra skeleton[a necromancer] (7)]
 75676 | Abyss:1  | HP: 7/170 [large abomination[an Executioner] (12)]
 75677 | Abyss:1  | Slain by a large abomination

Levels and vault maps discovered:
D:1:      co_arrival_random_square_maze, layout_basic
D:2:      layout_basic, first_ration, chequers_ecumenical_altar_island
D:3:      layout_loops_ring, yredelemnul_forgotten_temple_becter,
          roderic_batcave
D:4:      layout_rooms, old_standard_altar,
          nicolae_dithmenos_through_a_glass_darkly, uniq_eustachio
D:5:      layout_rooms
D:6:      layout_basic, nicolae_overflow_quartered_altars,
          nicolae_ossuary_entry_ruins, uniq_sigmund, uniq_duvessa,
          uniq_crazy_yiuf_cottage
D:7:      layout_cave_pools, grunt_temple_overflow_open, minitemple,
          lemuel_temple_firewalk_a, serial_shops, shop, serial_column_ruins,
          column_ruins_hut_ruined, column_ruins_hut, column_ruins_open_small,
          column_ruins_grid_1, column_ruins_columns_corner,
          column_ruins_open_medium, column_ruins_grid_3
D:8:      kennysheep_orc_sif_temple, layout_rooms, nicolae_gozag_seed_capital,
          basic_altar, hangedman_pestilent_swarm, wad_rectangle_vault
D:9:      minmay_the_grid_triangle_9x9_rhombus_thin
          [minmay_the_grid_triangle_9x9_thin_v,
          minmay_the_grid_triangle_9x9_prize_schism,
          minmay_the_grid_triangle_9x9_longest,
          minmay_the_grid_triangle_9x9_empty], layout_loops_ring,
          fedhas_altar_decomposition, serial_shops,
          nicolae_shop_temple_entry_statues_fountains
D:10:     layout_roguey, serial_shops, shop
D:11:     layout_layer_cave, erik_lair_orcish_takeover
D:12:     layout_rooms, orc_0_dummy, portal_ice_cave_rime, uniq_josephine
D:13:     layout_loops_ring, serial_shops, shop, kennysheep_mini_moat,
          shop_statue, nicolae_shop_temple_entry_statues_fountains,
          kennysheep_little_box, hellmonk_ghost_happy_afterlife
D:14:     layout_long_grid, lightli_vaults_fourway_checkpoint, abandoned_shop,
          grunt_qazlal_clouds
D:15:     hangedman_depths_entry_try_elsewhere_first, layout_basic
Lair:1:   layout_gridlike, lemuel_fruit_fields, serial_bayou_shore_b
Lair:2:   layout_cave_pods, lemuel_old_faithful
Lair:3:   layout_long_grid, minmay_shoals_entry_lonely_mermaid,
          minmay_snake_entry_six_corridors, minmay_lair_oklob_bushes,
          serial_bayou_shore_b, infiniplex_staircase_pool_2
Lair:4:   layout_small_grid, ebering_ghost_rock_garden, serial_bayou_shore_a
Lair:5:   layout_concentric_octagons, basic_altar, serial_bayou_shore_b
Lair:6:   evilmike_catoblepas_cave, layout_loops_ring,
          nicolae_slime_entry_slimehenge, uniq_kirke, uniq_nessos
Shoals:1: layout_shoals, ebering_ghost_inner_flame, argonaut_gorgonesque,
          uniq_roxanne
Shoals:2: layout_shoals, serial_shops, shop, nicolae_shoals_square_sea_wall,
          nicolae_shoals_cliffside_cave
Shoals:3: layout_shoals
Shoals:4: shoals_end_hangedman, layout_shoals, shoals_ilsuiw_alternative,
          hangedman_shoal_volcano
Snake:1:  cheibrodos_snake_ritualist_ritual, layout_basic, serial_corexii_hall,
          corexii_hall_statues_t, corexii_hall_statues_i
Snake:2:  layout_cave_pods, ebering_ghost_rock_garden, minmay_shop_star,
          serial_bayou_shore_b
Snake:3:  dpeg_oklob_gauntlet, layout_misc_corridors,
          ebering_ghost_reflecting_pool, serial_shops, shop, uniq_mara,
          uniq_asterion
Snake:4:  snake_pit, layout_cave_town, serial_shops, shop, uniq_donald,
          uniq_saint_roka, uniq_vashnia
Slime:1:  layout_caves
Slime:2:  layout_caves
Slime:3:  layout_caves
Slime:4:  layout_caves
Slime:5
Orc:1:    orc_temple, layout_caves, serial_shops, nicolae_shop_crystal,
          hangedman_feature_mirror
Orc:2:    pf_orc_diabolical, layout_diamond_mine, basic_altar, elf_legates
Elf:1:    elf_arrival_001, layout_loops_corners, serial_shops, shop,
          minivault_28, grunt_megastairs_1
Elf:2:    layout_geoelf_octagon, guppyfry_elf_lava
Vaults:1: hangedman_vaults_corner_blocks, v_pattern_2, vaults_dpeg_encased_lava,
          vaults_room_ringed_pool, v_misc_18, grunt_vaults_trifunnel, v_misc_25,
          v_rooms_6, vaults_dpeg_diagonal, ontoclasm_vaults_hangar,
          vaults_dpeg_doors, layout_vaults_ring
Vaults:2: nicolae_vaults_little_squares_4, nicolae_vaults_network_periphery,
          nicolae_vaults_alarming, nicolae_vaults_big_angled_halls,
          v_alt_pattern_2, vaults_room_hallway, serial_ice_g,
          hangedman_vaults_stretched_pinwheel, v_misc_9, layout_vaults_omnigrid,
          uniq_nikola
Vaults:3: ontoclasm_vaults_chip, v_rooms_1, v_pattern_3, ontoclasm_vaults_chip,
          hangedman_vaults_corner, st_lines, nicolae_vaults_what_the_h,
          ontoclasm_vaults_ring_square, minmay_crypt_entry_nasty_monster,
          nicolae_vaults_angled_halls, ontoclasm_vaults_decontamination,
          layout_vaults_chaotic_city, uniq_aizul, uniq_boris, uniq_bai_suzhen
Crypt:1:  layout_catacombs, grunt_ministairs_7, grunt_crypt_arrival_split
Crypt:2:  layout_misc_corridors, lightli_enter_wizlab_magi_temple,
          nicolae_crypt_small_crypt, evilmike_ambush
          [evilmike_ambush_outer_basic, evilmike_ambush_inner_basic],
          uniq_sojobo, uniq_frederick
Abyss:1:  base: Vaults:1, base: D:11, base:
Depths:2

Skill      XL: |  1  2  3  4  5  6  7  8  9 10 11 12 13 14 15 16 17 18 19 20 21 22 |
---------------+-------------------------------------------------------------------+-----
Axes           | 3 4 |  4.5
Fighting       | 4 5 6 7 8 9 10 11 12 13 14 16 17 18 19 21 | 21.5
Shields        | 1 2 4 5 6 7 8 9 10 11 13 14 15 | 15.0
Dodging        | 1 2 3 4 5 6 7 8 9 10 11 12 13 14 15 16 | 16.0
Invocations    | 3 4 5 6 7 8 9 10 11 | 11.8
Armour         | 3 4 5 6 7 8 9 10 11 12 13 14 15 17 18 19 20 | 20.0
Polearms       | 1 2 3 5 6 8 9 11 | 11.7
Evocations     | 2 4 5 6 7 9 10 | 10.0
Charms         | 2 3 4 |  4.5
Spellcasting   | 1 3 |  3.8

Action                   |  1- 3 |  4- 6 |  7- 9 | 10-12 | 13-15 | 16-18 | 19-21 | 22-24 || total
-------------------------+-------+-------+-------+-------+-------+-------+-------+-------++-------
Melee: Hand axe          |   121 |   120 |       |       |       |       |       |       ||   241
       Spear             |       |    20 |   573 |   873 |  2667 |  3263 |  4389 |   938 || 12723
       Bite              |       |       |       |       |       |   217 |   581 |   171 ||   969
Throw: Dart              |       |       |       |       |     1 |       |       |       ||     1
       Throwing net      |       |       |       |       |       |     3 |     2 |       ||     5
Invok: Depart the Abyss  |     1 |       |       |       |       |       |     2 |       ||     3
       Corrupt           |       |       |       |       |       |     1 |     2 |     1 ||     4
       Banish            |       |       |       |       |       |     1 |       |       ||     1
       Enter the Abyss   |       |       |       |       |       |       |     2 |     1 ||     3
       Bend Space        |       |       |       |       |       |       |     1 |     4 ||     5
Evoke: Wand              |       |       |       |     4 |    10 |    25 |    38 |       ||    77
       Lamp of fire      |       |       |       |       |     2 |     3 |     4 |       ||     9
       Lightning rod     |       |       |       |       |       |     5 |     5 |     1 ||    11
       Sack of spiders   |       |       |       |       |       |     1 |     2 |       ||     3
       Fan of gales      |       |       |       |       |       |     1 |     1 |       ||     2
       Box of beasts     |       |       |       |       |       |       |     1 |       ||     1
  Use: Scroll            |       |       |    12 |     8 |    20 |     4 |    16 |     1 ||    61
       Potion            |       |       |     7 |     1 |    10 |    10 |    16 |     7 ||    51
 Stab: Distracted        |       |       |       |       |     1 |     2 |     2 |       ||     5
       Petrified         |       |       |       |       |     1 |       |       |       ||     1
  Eat: Chunk             |     3 |     4 |     9 |    12 |    21 |    14 |    10 |     2 ||    75
       Ration            |       |       |     2 |     2 |     8 |    16 |    21 |     4 ||    53
Armor: Leather armour    |    10 |       |       |       |       |       |       |       ||    10
       Chain mail        |    61 |    69 |   133 |       |       |       |       |       ||   263
       Plate armour      |       |       |    30 |    64 |       |       |       |       ||    94
       Crystal plate arm |       |       |       |   176 |   595 |   625 |  1031 |   238 ||  2665
Dodge: Dodged            |    35 |    25 |    59 |    47 |   136 |   337 |   800 |   195 ||  1634
Block: Shield            |    32 |    42 |       |       |   116 |  1618 |  2347 |   427 ||  4582
       Large shield      |       |     7 |   334 |   621 |  1433 |       |       |       ||  2395
       Reflection        |       |       |     4 |    14 |    75 |   290 |   251 |    32 ||   666
